 Dungeon Crawl Stone Soup version 0.29.1-15-g9cfb28693d (webtiles) character file.

Game seed: 6432161983248256505

429 BuddhaDhamma the Cleaver (level 6, -3/75 (76) HPs)
             Began as a Minotaur Berserker on Mar 8, 2023.
             Was a Priest of Trog.
             Slain by a necrophage (6 damage)
             ... on level 5 of the Dungeon.
             The game lasted 00:06:51 (4754 turns).

BuddhaDhamma the Cleaver (Minotaur Berserker)       Turns: 4754, Time: 00:06:52

HP:   -3/75 (76)    AC:  7    Str: 24    XL:     6   Next: 66%
MP:   5/5           EV: 10    Int:  4    God:    Trog [***...]
Gold: 126           SH:  0    Dex:  9    Spells: 5/5 levels left

rFire   . . .      SeeInvis .   a - +1 hand axe (flame)
rCold   . . .      Faith    .   (no shield)
rNeg    . . .      Spirit   .   k - +0 scale mail
rPois   .          Reflect  .   (helmet restricted)
rElec   .          Harm     .   r - +0 cloak
rCorr   .          Rampage  .   (no gloves)
Will    .....                   (no boots)
Stlth   ..........              (no amulet)
HPRegen 0.22/turn               (no ring)
MPRegen 0.09/turn               (no ring)

@: berserking, lightly drained, very quick
A: horns 2, retaliatory headbutt
a: Renounce Religion, Berserk, Trog's Hand


You were on level 5 of the Dungeon.
You worshipped Trog.
Trog was most pleased with you.
You visited 1 branch of the dungeon, and saw 5 of its levels.

You collected 126 gold pieces.

Inventory:

Hand Weapons
 a - a +1 hand axe of flaming (weapon)
Missiles
 b - 14 poisoned darts (quivered)
Armour
 k - a +0 scale mail (worn)
 r - a +0 cloak (worn)
Jewellery
 e - a ring of protection from cold
Wands
 j - a wand of polymorph (6)
Scrolls
 d - 2 scrolls of identify
 f - a scroll of blinking
 g - 3 scrolls of immolation
 h - a scroll of poison
 l - 2 scrolls of fog
 m - 2 scrolls of fear
Potions
 c - 2 potions of magic
 i - 2 potions of curing
 n - a potion of might
 o - a potion of degeneration
 p - 2 potions of heal wounds
 q - a potion of ambrosia {unknown}
 s - 2 potions of flight


   Skills:
 - Level 3.6 Fighting
 + Level 9.1 Axes
 - Level 2.4 Armour
 - Level 2.1 Dodging


You had 5 spell levels left.
You didn't know any spells.
Your spell library was empty.

Dungeon Overview and Level Annotations

Branches:
Dungeon (5/15)             Temple (0/1) D:5

Altars:
Dithmenos

Shops:
D:4 *

Annotations:
D:5 Pikel


Innate Abilities, Weirdness & Mutations

You have a pair of horns on your head.
You reflexively headbutt those who attack you in melee.


Message History

The lemure hits you.
Pikel, Merchant of Souls comes into view.
He is wielding a +2 whip of flaming.
The lemure closely misses you. The lemure attacks as you move away!
The lemure hits you. The necrophage barely misses you.
There is a stone staircase leading down here.
The necrophage attacks as you move away!
The necrophage hits you.
You feel drained. The lemure hits you but does no damage.
Pikel hits you with a +2 whip of flaming!
Pikel burns you.
A red film seems to cover your vision as you go berserk!
You feel yourself moving faster!
You feel mighty! The lemure hits you.
* * * LOW HITPOINT WARNING * * *
The lemure hits you.
* * * LOW HITPOINT WARNING * * *
Pikel closely misses you.
You closely miss Pikel. Your headbutt misses Pikel. You miss the lemure.
You hit the lemure but do no damage. You closely miss the lemure.
You barely miss Pikel. You hit the lemure but do no damage.
You closely miss the lemure. You hit the lemure. You burn the lemure.
The lemure misses you.
Pikel hits you with a +2 whip of flaming.
* * * LOW HITPOINT WARNING * * *
Pikel burns you.
* * * LOW HITPOINT WARNING * * *
The lemure hits you but does no damage.
You slash Pikel! You burn Pikel!
Pikel is severely wounded.
You closely miss the lemure. You barely miss the lemure. You hit the lemure.
You burn the lemure. You hit the necrophage. You burn the necrophage.
You barely miss the lemure. You hit Pikel. You burn Pikel.
Pikel is severely wounded.
You hit the necrophage. You burn the necrophage. You barely miss the lemure. x2
You hit the lemure. You burn the lemure. You hit the lemure.
You burn the lemure. The lemure hits you!
* * * LOW HITPOINT WARNING * * *
The necrophage hits you.
You die...

#.##......#####
.# #...)?......
... ##!.........
...####..........
.................
....8.....8......
.................
......555........
#.....5@K...#####
#.......n...#
............#
....8.....8...#
...............
...###.........
..# #......... ..
..........


You could see Pikel, 4 lemures and a necrophage.

Vanquished Creatures
  A scorpion (D:5)
  Crazy Yiuf (D:3)
  Natasha (thrice) (D:4)
  An iguana (D:4)
  An orc wizard (D:3)
  Robin (D:4)
  3 gnolls (D:3)
  6 adders
  An ufetubus (D:5)
  2 worms (D:4)
  4 dart slugs
  7 orcs
  8 bats
  6 endoplasms
  6 giant cockroaches
  6 hobgoblins
  3 jackals (D:1)
  2 quokkas
  6 ball pythons
  4 frilled lizards
  14 goblins
  9 kobolds
  7 rats
102 creatures vanquished.

Vanquished Creatures (others)
  7 fungi (D:4)
7 creatures vanquished.

Grand Total: 109 creatures vanquished

Notes
Turn   | Place    | Note
-------+----------+-------------------------------------------
     0 | D:1      | BuddhaDhamma the Minotaur Berserker began the quest for the
                  | Orb.
     0 | D:1      | Reached XP level 1. HP: 19/19 MP: 0/0
    42 | D:1      | Reached skill level 4 in Axes
   239 | D:1      | Reached XP level 2. HP: 26/26 MP: 1/1
  1089 | D:2      | Reached skill level 5 in Axes
  1092 | D:2      | Identified the +1 robe of the Fletcher {+Blink rF+ Will+
                  | Int-5}
  1189 | D:2      | Reached XP level 3. HP: 31/31 MP: 2/2
  1356 | D:2      | Reached ** piety under Trog
  1650 | D:2      | Reached skill level 6 in Axes
  1650 | D:2      | Reached XP level 4. HP: 32/39 MP: 3/3
  2433 | D:3      | Found a runed translucent door.
  2434 | D:3      | Noticed Crazy Yiuf
  2507 | D:3      | Killed Crazy Yiuf
  2508 | D:3      | Reached skill level 7 in Axes
  2508 | D:3      | Reached XP level 5. HP: 45/45 MP: 4/4
  3256 | D:4      | Noticed Robin
  3272 | D:4      | Killed Robin
  3278 | D:4      | Reached skill level 8 in Axes
  3278 | D:4      | HP: 2/45 [goblin/+0 club[Robin] (1)]
  3587 | D:4      | Found a shadowy altar of Dithmenos.
  3708 | D:4      | Reached *** piety under Trog
  3740 | D:4      | Found Tisu's Fire Supplies.
  3740 | D:4      | Noticed Natasha
  3749 | D:4      | Killed Natasha
  3750 | D:4      | Reached XP level 6. HP: 41/51 MP: 5/5
  3780 | D:4      | Noticed Natasha
  3784 | D:4      | Killed Natasha
  3875 | D:4      | Noticed Natasha
  3880 | D:4      | Killed Natasha
  4683 | D:5      | Entered Level 5 of the Dungeon
  4711 | D:5      | Found a staircase to the Ecumenical Temple.
  4732 | D:5      | Reached skill level 9 in Axes
  4744 | D:5      | Noticed Pikel
  4754 | D:5      | HP: 3/75 [lemure[Pikel] (8)]
  4754 | D:5      | Slain by a necrophage

Illustrated notes

Levels and vault maps discovered:
D:1:      amcnicky_arrival_feature_with_door, layout_basic,
          chequers_serial_rivers_micro_a
D:2:      layout_basic, wander_ebering_terrifying_dragon_lair
D:3:      layout_basic, dreamdust_princess_bridge, uniq_crazy_yiuf_cottage
D:4:      layout_loops_cross, nicolae_dithmenos_through_a_glass_darkly,
          cheibrodos_sewer_entry_bend, dreamdust_mushroom_princess,
          kennysheep_doodads, kennysheep_decorative_pillar, eino_tiny_chamber,
          amcnicky_mini_corridor_feature, minmay_misc_feat_more_columns,
          nicolae_shop_fire_sale [nicolae_sub_dead_trees], uniq_natasha,
          uniq_robin
D:5:      layout_cave_pods, mainiacjoe_overflow_big_doors,
          minmay_temple_entry_gardened_gates, ebering_ghost_sewer_d,
          dk_noncrumbling_2, minivault_4, st_stairs_1, water_maze_lemuel,
          uniq_menkaure, uniq_pikel

Skill      XL: |  1  2  3  4  5  6 |
---------------+-------------------+-----
Axes           | 4 5 6 7 8 9 |  9.1
Fighting       | |  3.6
Armour         | |  2.4
Dodging        | |  2.1

Action                   |  1- 3 |  4- 6 || total
-------------------------+-------+-------++-------
Melee: Hand axe          |    61 |   156 ||   217
       Headbutt          |     8 |    16 ||    24
Invok: Berserk           |       |     3 ||     3
  Use: Scroll            |       |    15 ||    15
       Potion            |       |     1 ||     1
Armor: Leather armour    |     6 |       ||     6
       Animal skin       |     1 |       ||     1
       Scale mail        |    12 |    67 ||    79
Dodge: Dodged            |    53 |    83 ||   136
